 Dungeon Crawl Stone Soup version 0.30.1-11-g7821555f0a (webtiles) character file.

Game seed: 4461264822747238358

875 Okkudo the Chopper (level 8, -6/73 HPs)
             Began as a Hill Orc Monk on Dec 5, 2023.
             Mangled by a gnoll sergeant
             ... wielding a +0 spear
              (10 damage)
             ... on level 5 of the Dungeon.
             The game lasted 00:16:33 (4283 turns).

Okkudo the Chopper (Hill Orc Monk)                  Turns: 4283, Time: 00:16:34

Health: -6/73      AC: 15    Str: 16    XL:     8   Next: 4%
Magic:  8/8        EV: 10    Int: 10    God:
Gold:   147        SH:  5    Dex: 13    Spells: 7/7 levels left

rFire   . . .        a - +0 hand axe
rCold   + . .        p - +0 buckler
rNeg    . . .        t - +0 scale mail
rPois   .            x - +0 helmet
rElec   .            s - +0 cloak {Stlth+}
rCorr   .            (no gloves)
SInv    .            d - +2 pair of boots
Will    .....        w - amulet of faith
Stlth   +            f - ring of protection from cold
HPRegen 0.32/turn    h - +4 ring of protection
MPRegen 0.11/turn

%: faith
@: no status effects
A: no striking features
a: no special abilities


You were on level 5 of the Dungeon.
You visited 1 branch of the dungeon, and saw 5 of its levels.

You collected 147 gold pieces.

Inventory:

Hand Weapons
 a - a +0 hand axe (weapon)
 v - a +0 scythe
Missiles
 u - 2 poisoned darts (quivered)
Armour
 d - a +2 pair of boots (worn)
 p - a +0 buckler (worn)
 s - a +0 cloak of stealth (worn)
 t - a +0 scale mail (worn)
 x - a +0 helmet (worn)
 A - a +0 chain mail
Jewellery
 f - a ring of protection from cold (left hand)
 h - a +4 ring of protection (right hand)
 w - an amulet of faith (around neck)
Wands
 m - a wand of quicksilver (1)
Scrolls
 e - 3 scrolls of magic mapping {unknown}
 g - 2 scrolls of immolation {unknown}
 i - 2 scrolls of fear {unknown}
 j - 2 scrolls of blinking {unknown}
 l - a scroll of identify {unknown}
 y - 3 scrolls of fog {unknown}
Potions
 b - a potion of heal wounds {unknown}
 k - 2 potions of might {unknown}
 n - a potion of invisibility {unknown}
 o - a potion of attraction {unknown}
 q - a potion of curing {unknown}
 r - a potion of degeneration {unknown}
 z - 2 potions of cancellation {unknown}


   Skills:
 + Level 7.1 Fighting
 + Level 7.8 Axes
 - Level 3.0 Dodging
 + Level 4.7 Shields


You had 7 spell levels left.
You didn't know any spells.
Your spell library contained the following spells:

 Spells                   Type           Power      Damage    Failure   Level
 Ensorcelled Hibernation  Hex/Ice        0%         N/A       96%         2
 Spider Form              Tmut/Pois      0%         N/A       99%         3
 Anguish                  Hex/Necr       0%         N/A       100%        4


Dungeon Overview and Level Annotations

Branches:
Dungeon (5/15)             Temple (0/1) D:4

Altars:
Elyvilon
Kikubaaqudgha
Ru
Wu Jian


Message History

The gnoll sergeant is almost dead.
The gnoll sergeant hits you but does no damage.
You hit the gnoll sergeant but do no damage.
The gnoll sergeant is almost dead.
You block the gnoll sergeant's attack.
The gnoll sergeant hits you but does no damage.
Found 5 gold pieces.
An orc comes into view. It is wielding a +0 club.
The orc shouts!
Found a stone staircase leading up.
An orc comes into view. It is wielding a +0 club.
The orc shouts!
You hear a shout! x2; You hear a bellow!
You hear a shout!
An orc comes into view. It is wielding a +0 morningstar.
An orc comes into view. It is wielding a +0 whip.
The orc shouts!
You hear a bellow!
A yak comes into view.
An orc comes into view. It is wielding a +0 dagger.
A yak comes into view.
You hear a shout!
A yak comes into view.
The yak bellows!
The orc shouts!
The orc hits you with a +0 club.
* * * LOW HITPOINT WARNING * * *
A yak comes into view.
An orc comes into view. It is wielding a +1 heavy falchion.
An orc comes into view. It is wielding a +0 hand axe.
The orc shouts!
The orc barely misses you. The orc attacks as you move away!
The orc hits you but does no damage. The orc attacks as you move away!
You block the orc's attack. x2
The orc attacks as you move away! The orc hits you with a +0 club.
* * * LOW HITPOINT WARNING * * *
The orc attacks as you move away! The orc hits you but does no damage.
The yak attacks as you move away! The yak barely misses you.
The yak attacks as you move away! The yak gores you but does no damage.
The orc attacks as you move away! The orc closely misses you.
You block the gnoll sergeant's attack. The orc attacks as you move away!
The orc hits you but does no damage.
The gnoll sergeant hits you from afar with a +0 spear!
You die...

..........# #..........######
......(.[.# #...$......#.....
.......†.## #................
..........# #................
..........###.........o...<..
.....................Y.......
......########..g.gooY.......
........ .........Y..........
.......## #...@ooYo........
##...... ......#####o........
###.. ##........ ...
#........ ##. ......... ..
....... # .....


You could see 4 yaks, a gnoll sergeant, a gnoll and 7 orcs.

Vanquished Creatures
  Sigmund (D:3)
  A water moccasin (D:5)
  An ogre (D:5)
  Crazy Yiuf (D:2)
  Jessica (D:3)
  3 iguanas
  Terence (D:3)
  Natasha (thrice) (D:3)
  An orc wizard (D:4)
  10 gnolls
  6 adders
  3 ufetubi
  2 worms (D:4)
  2 dart slugs
  9 orcs
  7 endoplasms
  4 giant cockroaches (D:1)
  3 goblins
  5 hobgoblins
  8 jackals
  4 ball pythons
  7 bats
  A frilled lizard (D:1)
  7 kobolds
  4 rats
95 creatures vanquished.

Notes
Turn   | Place    | Note
-------+----------+-------------------------------------------
     0 | D:1      | Okkudo the Hill Orc Monk began the quest for the Orb.
     0 | D:1      | Reached XP level 1. HP: 19/19 MP: 1/1
    44 | D:1      | Reached XP level 2. HP: 12/27 MP: 2/2
   318 | D:1      | Found a faded altar of an unknown god.
   397 | D:1      | Reached XP level 3. HP: 33/33 MP: 3/3
   945 | D:2      | Found a runed translucent door.
   946 | D:2      | Noticed Crazy Yiuf
  1116 | D:2      | Reached XP level 4. HP: 41/41 MP: 4/4
  1458 | D:2      | Killed Crazy Yiuf
  1459 | D:2      | Reached skill level 5 in Axes
  1459 | D:2      | Reached skill level 1 in Shields
  1591 | D:3      | Noticed Sigmund
  1785 | D:3      | Noticed Terence
  1810 | D:3      | Reached XP level 5. HP: 43/47 MP: 5/5
  1825 | D:3      | Killed Terence
  1826 | D:3      | Reached skill level 5 in Fighting
  1899 | D:3      | Noticed Natasha
  1915 | D:3      | Killed Natasha
  2162 | D:3      | Found an ornate altar of the Wu Jian Council.
  2167 | D:3      | Noticed a spectral centipede
  2167 | D:3      | Noticed a spectral black mamba
  2167 | D:3      | Noticed a spectral cane toad
  2239 | D:3      | Killed Sigmund
  2240 | D:3      | Reached XP level 6. HP: 54/57 MP: 6/6
  2509 | D:3      | Noticed Natasha
  2509 | D:3      | Noticed Jessica
  2516 | D:3      | Killed Natasha
  2525 | D:3      | Killed Jessica
  2526 | D:3      | Reached XP level 7. HP: 59/63 MP: 7/7
  2538 | D:3      | Noticed Natasha
  2544 | D:3      | Killed Natasha
  2960 | D:4      | Found a staircase to the Ecumenical Temple.
  3187 | D:4      | Found a sacrificial altar of Ru.
  3562 | D:4      | Found a white marble altar of Elyvilon.
  3739 | D:5      | Entered Level 5 of the Dungeon
  4097 | D:5      | Reached XP level 8. HP: 30/73 MP: 8/8
  4221 | D:5      | Found an ancient bone altar of Kikubaaqudgha.
  4273 | D:5      | Noticed a yak
  4273 | D:5      | Noticed a yak
  4274 | D:5      | Noticed a yak
  4274 | D:5      | Noticed a yak
  4280 | D:5      | HP: 3/73 [orc/+0 club (3)]
  4283 | D:5      | Mangled by a gnoll sergeant

Illustrated notes

Levels and vault maps discovered:
D:1:      onia_arrival_mini_spirals, layout_rooms,
          ebering_ecumenical_altar_rust, nicolae_concentric_dashed_squares_mild
D:2:      layout_basic, uniq_crazy_yiuf_cottage
D:3:      layout_loops_corners, pdpol_wu_jian_five_deadly_venoms, uniq_terence,
          uniq_jessica, uniq_natasha, uniq_sigmund
D:4:      layout_basic, mainiacjoe_overflow_boulevard, kennysheep_mini_moat,
          temple_pool_b
D:5:      layout_rooms, mainiacjoe_overflow_catwalk, nemelex_dance_club_becter,
          minmay_misc_feat_more_columns

Skill      XL: |  1  2  3  4  5  6  7 |
---------------+----------------------+-----
Fighting       | 4 5 6 7 |  7.1
Dodging        | 3 |  3.0
Axes           | 5 6 7 |  7.8
Shields        | 1 3 4 |  4.7

Action                     |  1- 3 |  4- 6 |  7- 9 || total
---------------------------+-------+-------+-------++-------
  Melee: Hand axe          |   109 |   115 |   195 ||   419
  Throw: Dart              |       |     2 |     5 ||     7
  Evoke: Wand              |       |     5 |     2 ||     7
    Use: Potion            |       |       |     1 ||     1
 Armour: Robe              |    19 |       |       ||    19
         Ring mail         |     5 |    17 |       ||    22
         Scale mail        |       |    34 |    95 ||   129
  Dodge: Dodged            |    68 |    44 |    78 ||   190
  Block: Buckler           |       |    20 |    42 ||    62
